 Dungeon Crawl Stone Soup version 0.19.5 (webtiles) character file.

2576 McKennaii the Thaumaturge (level 9, -3/47 HPs)
             Began as a Deep Elf Fire Elementalist on May 20, 2017.
             Was a Follower of Vehumet.
             Slain by an orc priest
             ... wielding a +0 short sword
              (4 damage)
             ... on level 6 of the Dungeon.
             The game lasted 00:14:06 (4949 turns).

McKennaii the Thaumaturge (DEFE)                    Turns: 4949, Time: 00:14:07

Health: -3/47      AC:  4    Str:  7    XL:     9   Next: 32%
Magic:  16/25      EV: 14    Int: 24    God:    Vehumet [*.....]
Gold:   254        SH:  0    Dex: 19    Spells: 4 memorised, 18 levels left

rFire  . . .     SeeInvis .     z - staff of death
rCold  . . .     Gourm    .     a - +0 robe
rNeg   + . .     Faith    .     (no shield)
rPois  .         Spirit   .     (no helmet)
rElec  .         Reflect  .     B - +1 cloak
rCorr  .         Harm     .     (no gloves)
MR     .....                    (no boots)
Stlth  +++.......               (no amulet)
                                G - +2 ring of strength
                                e - +4 ring of dexterity

@: no status effects
A: no striking features
a: Renounce Religion


You were on level 6 of the Dungeon.
You worshipped Vehumet.
Vehumet was aware of your devotion.
You were not hungry.

You visited 1 branch of the dungeon, and saw 6 of its levels.

You collected 254 gold pieces.

Inventory:

Hand Weapons
 E - a +1 short sword of venom
Armour
 a - a +0 robe (worn)
 B - a +1 cloak (worn)
Magical Staves
 z - an uncursed staff of death (weapon)
Jewellery
 e - a +4 ring of dexterity (left hand)
 G - a +2 ring of strength (right hand)
 L - an uncursed amulet of rage {unknown}
Wands
 F - a wand of slowing (20/48)
 I - a wand of enslavement (13/24)
Scrolls
 d - a scroll of enchant armour {unknown}
 f - 3 scrolls of fear
 i - 4 scrolls of identify
 j - 3 scrolls of blinking {unknown}
 m - 3 scrolls of remove curse
 q - a scroll of amnesia {unknown}
 r - a scroll of noise {unknown}
 u - a scroll of fog {unknown}
 v - a scroll of enchant weapon {unknown}
 w - a scroll of recharging {unknown}
 x - a scroll of immolation {unknown}
 y - a scroll of teleportation {unknown}
 M - a scroll of magic mapping {unknown}
Potions
 g - 3 potions of flight {unknown}
 h - a potion of invisibility {unknown}
 k - a potion of ambrosia {unknown}
 l - a potion of berserk rage {unknown}
 n - 3 potions of curing
 o - a potion of lignification {unknown}
 p - a potion of might
 s - a potion of degeneration {unknown}
 C - a potion of heal wounds
 D - a potion of agility {unknown}
 J - a potion of cure mutation {unknown}
 K - a potion of brilliance {unknown}
Books
 b - a book of Flames

   Spells                             Type                      Level
   a - Flame Tongue                   Conjuration/Fire             1
   b - Throw Flame                    Conjuration/Fire             2
   c - Conjure Flame                  Conjuration/Fire             3
   d - Inner Flame                    Hexes/Fire                   3
   e - Sticky Flame                   Conjuration/Fire             4
   f - Fireball                       Conjuration/Fire             5
Comestibles
 c - 3 bread rations
 t - a slice of pizza
 A - a fruit
 H - a meat ration


   Skills:
 + Level 1.0 Fighting
 + Level 3.6 Dodging
 + Level 4.0 Stealth
 + Level 10.5 Spellcasting
 + Level 7.0 Conjurations
 + Level 8.1 Fire Magic


You had 18 spell levels left.
You knew the following spells:

 Your Spells              Type           Power        Failure   Level  Hunger
a - Flame Tongue          Conj/Fire      #####        1%          1    None
b - Throw Flame           Conj/Fire      #####.       1%          2    None
c - Conjure Flame         Conj/Fire      #####...     1%          3    None
f - Fireball              Conj/Fire      #####.....   8%          5    ####...


Dungeon Overview and Level Annotations

Branches:
Dungeon (6/15)
 Temple: D:4-7

Altars:
Ashenzari
Cheibriados
Fedhas
Gozag
Hepliaklqana
Kikubaaqudgha
Makhleb
Nemelex Xobeh
Sif Muna
Trog
Uskayaw
Vehumet
Zin
The Shining One


Message History

Casting: Flame Tongue
Confirm with . or Enter, or press ? or * to list all spells.
Aiming: Flame Tongue
Press: ? - help, Shift-Dir - straight line, f/p - orc priest
Aim: an orc priest, wielding a short sword and wearing a scale mail (moderately wounded)
The flame tongue hits the orc priest.
The orc priest is moderately wounded.
The orc priest hits you with a short sword!
The orc priest invokes the aid of Beogh against you.
Beogh smites you!
* * * LOW HITPOINT WARNING * * *
Casting: Flame Tongue
Confirm with . or Enter, or press ? or * to list all spells.
Aiming: Flame Tongue
Press: ? - help, Shift-Dir - straight line, f/p - orc priest
Aim: an orc priest, wielding a short sword and wearing a scale mail (moderately wounded)
The flame tongue misses the orc priest.
The flame tongue hits the orc.
The orc appears unharmed.
The orc priest hits you with a short sword.
You die...

.# .# .# $# ## .. # ##. #
...
################.######.
..).....#.......oo.ooo.o
#.....#.#.....##o#
#.###.#.#..<..##@#
#.#...........##.#
#...#..#......##.#
..#.#..#).#......#
....)>..#.###############
..#.#.....#.............#
..#.###...#.###########.#
..#.# ##..#.# #.#
..#.####..#.# #.#####


You could see 2 orc priests and an orc.

Vanquished Creatures
  Pikel (D:4)
  The ghost of Tynka the Slicer, a novice KoAs of Dithmenos (D:6)
  Sigmund (D:6)
  2 slaves (D:4)
  2 sky beasts
  A black bear (D:4)
  The ghost of Nr616 the Changer, an amateur NaTm (D:3)
  An ogre (D:5)
  3 centaurs
  2 bullfrogs (D:6)
  A scorpion (D:4)
  A howler monkey (D:5)
  A hound (D:6)
  A bullfrog skeleton (D:4)
  A quasit (D:6)
  A jelly (D:6)
  An orc priest (D:5)
  An orc wizard (D:6)
  2 worker ants (D:5)
  Natasha (twice) (D:4)
  A hound skeleton (D:6)
  7 adders
  12 gnolls
  3 worms
  2 dart slugs
  2 leopard geckos
  7 orcs
  2 ball pythons (D:2)
  2 giant cockroaches
  10 goblins
  5 hobgoblins
  2 jackals (D:2)
  2 quokkas (D:6)
  4 bats
  3 frilled lizards
  A jackal skeleton (D:6)
  5 kobolds
  A leopard gecko skeleton (D:4)
  6 rats
104 creatures vanquished.

Vanquished Creatures (others)
  Natasha (D:4)
  A rat (D:4)
2 creatures vanquished.

Grand Total: 106 creatures vanquished

Notes
Turn   | Place    | Note
-------+----------+-------------------------------------------
     0 | D:1      | McKennaii the Deep Elf Fire Elementalist began the quest for the Orb.
     0 | D:1      | Reached XP level 1. HP: 10/10 MP: 6/6
   166 | D:1      | Reached XP level 2. HP: 6/15 MP: 1/8
   616 | D:2      | Reached XP level 3. HP: 18/19 MP: 6/10
   620 | D:2      | Learned a level 2 spell: Throw Flame
   624 | D:2      | Learned a level 3 spell: Conjure Flame
   993 | D:2      | Reached skill level 4 in Spellcasting
   993 | D:2      | Reached XP level 4. HP: 21/24 MP: 8/12
  1133 | D:2      | Found an ancient bone altar of Kikubaaqudgha.
  1538 | D:2      | Found a snail-covered altar of Cheibriados.
  1543 | D:2      | Found a bloodstained altar of Trog.
  1543 | D:2      | Found a glowing golden altar of the Shining One.
  1605 | D:2      | Found a hazy altar of Hepliaklqana.
  1723 | D:3      | Reached XP level 5. HP: 25/28 MP: 10/14
  1730 | D:3      | Learned a level 5 spell: Fireball
  1777 | D:3      | Found an opulent altar of Gozag.
  1780 | D:3      | Found a blossoming altar of Fedhas.
  1814 | D:3      | Noticed Nr616's ghost (amateur NaTm)
  1856 | D:3      | Killed Nr616's ghost
  1856 | D:3      | Reached skill level 5 in Spellcasting
  2059 | D:3      | Found a sparkling altar of Nemelex Xobeh.
  2087 | D:3      | Found a hide-covered altar of Uskayaw.
  2275 | D:4      | Noticed a slave
  2372 | D:4      | Found a burning altar of Makhleb.
  2449 | D:4      | Noticed a slave
  2449 | D:4      | Noticed Pikel
  2450 | D:4      | Noticed a slave
  2519 | D:4      | Killed a slave
  2584 | D:4      | Killed a slave
  2656 | D:4      | Noticed Natasha
  2669 | D:4      | Noticed a slave
  2700 | D:4      | Killed Pikel
  2700 | D:4      | Reached skill level 7 in Spellcasting
  2700 | D:4      | Reached skill level 5 in Fire Magic
  2700 | D:4      | Reached XP level 6. HP: 33/33 MP: 1/18
  2700 | D:4      | Reached XP level 7. HP: 37/37 MP: 1/19
  2847 | D:4      | Killed Natasha
  2847 | D:4      | Noticed Natasha
  2850 | D:4      | Killed Natasha
  2885 | D:4      | Killed Natasha
  3118 | D:4      | Found a faded altar of an unknown god.
  3118 | D:4      | Found a faded altar of an unknown god.
  3123 | D:4      | Found a faded altar of an unknown god.
  3125 | D:4      | Found a radiant altar of Vehumet.
  3127 | D:4      | Found a sparkling altar of Nemelex Xobeh.
  3131 | D:4      | Became a worshipper of Vehumet
  3269 | D:5      | Entered Level 5 of the Dungeon
  3342 | D:5      | Found a shattered altar of Ashenzari.
  3361 | D:5      | Reached skill level 8 in Spellcasting
  3361 | D:5      | Reached XP level 8. HP: 15/42 MP: 1/22
  3594 | D:5      | Reached skill level 5 in Conjurations
  3657 | D:5      | Found a glowing silver altar of Zin.
  3822 | D:5      | Reached skill level 1 in Fighting
  3976 | D:5      | Found a deep blue altar of Sif Muna.
  3998 | D:5      | Reached skill level 9 in Spellcasting
  4421 | D:6      | Reached * piety under Vehumet
  4421 | D:6      | Offered knowledge of Shock by Vehumet.
  4424 | D:6      | Noticed Sigmund
  4427 | D:6      | Killed Sigmund
  4427 | D:6      | Reached skill level 10 in Spellcasting
  4435 | D:6      | Noticed Tynka's ghost (novice KoAs)
  4568 | D:6      | Killed Tynka's ghost
  4568 | D:6      | Reached XP level 9. HP: 47/47 MP: 8/25
  4948 | D:6      | HP: 1/47 [orc priest/divine providence (14)]
  4949 | D:6      | Slain by an orc priest

Skill      XL: |  1  2  3  4  5  6  7  8  9 |
---------------+----------------------------+-----
Fire Magic     | 4 5 6 7 8 |  8.1
Stealth        | 3 4 |  4.0
Spellcasting   | 4 7 8 10 | 10.5
Dodging        | 3 |  3.6
Conjurations   | 2 4 6 7 |  7.0
Fighting       | 1 |  1.0

Action                   |  1- 3 |  4- 6 |  7- 9 || total
-------------------------+-------+-------+-------++-------
 Cast: Flame Tongue      |    59 |    90 |    94 ||   243
       Throw Flame       |       |    14 |    41 ||    55
       Conjure Flame     |       |     4 |     4 ||     8
       Fireball          |       |       |     6 ||     6
  Use: Scroll            |       |       |     3 ||     3
       Potion            |       |       |     3 ||     3
  Eat: Chunk             |       |     5 |     3 ||     8
       Fruit             |       |       |     2 ||     2
       Bread ration      |       |       |     1 ||     1
Armor: Robe              |     2 |     3 |     6 ||    11
Dodge: Dodged            |    17 |    14 |    18 ||    49
